 Dungeon Crawl Stone Soup version 0.31-a0-95-g6fa058ef04 (webtiles) character file.

Game seed: 264072741314728383

94938 Sobieck the Brawler (level 15, -9/145 HPs)
             Began as a Troll Monk on May 25, 2023.
             Was a Believer of Uskayaw.
             Mangled by a white ugly thing (33 damage)
             ... on level 14 of the Dungeon.
             The game lasted 00:31:23 (15838 turns).

Sobieck the Brawler (Troll Monk)                   Turns: 15838, Time: 00:31:23

Health: -9/145     AC: 11    Str: 25    XL:     15   Next: 64%
Magic:  21/21      EV: 17    Int: 10    God:    Uskayaw [**....]
Gold:   1468       SH:  0    Dex: 14    Spells: 8/14 levels left

rFire   . .          .
                       - Unarmed
rCold   . . .        c - orb {light}
rNeg    . . .        F - +1 troll leather armour
rPois   .            (helmet restricted)
rElec   +            G - +2 cloak
rCorr   .            (gloves unavailable)
SInv    .            (boots unavailable)
Will    ++...        J - amulet of faith
Stlth   +            k - +5 ring of evasion
HPRegen 2.04/turn    m - ring of Springtime {rElec Will+ Dex+2}
MPRegen 0.17/turn

%: faith
@: glowing
A: large, unfitting armour, claws 3, regeneration 1, shaggy fur 1, tough skin 1
a: Renounce Religion, Stomp, Line Pass


You were on level 14 of the Dungeon.
You worshipped Uskayaw.
Uskayaw was aware of your devotion.
You visited 2 branches of the dungeon, and saw 19 of its levels.
You also visited: Bailey.

You collected 1468 gold pieces.

Inventory:

Missiles
 j - 120 stones
 t - 16 boomerangs (quivered)
 w - 17 large rocks
 x - 8 silver javelins
Armour
 a - a +0 robe
 c - an orb of light (worn)
 n - the +0 robe of Towkio {Str-5 Int+7 Slay+4}
   (You found it on level 2 of the Lair of Beasts)

   Str:       It affects your strength (-5).
   Int:       It affects your intelligence (+7).
   Slay:      It affects your accuracy & damage with ranged weapons and melee
   (+4).
 F - a +1 troll leather armour (worn)
 G - a +2 cloak (worn)
 H - a scarf of harm
Jewellery
 f - a ring of protection from fire
 k - a +5 ring of evasion (left claw)
 m - the ring of Springtime (right claw) {rElec Will+ Dex+2}
   (You found it in a bailey)

   [ring of willpower]

   Dex:       It affects your dexterity (+2).
   rElec:     It insulates you from electricity.
   Will:      It increases your willpower.
 q - a ring of fire
 z - a ring of ice
 J - an amulet of faith (around neck)
 K - an amulet of the acrobat
Wands
 s - a wand of roots (9)
 C - a wand of mindburst (25)
 D - a wand of digging (15)
 E - a wand of charming (24)
 V - a wand of flame (25)
Scrolls
 h - 4 scrolls of fear
 i - a scroll of brand weapon
 l - 2 scrolls of enchant armour
 o - a scroll of immolation
 p - 3 scrolls of poison
 r - 7 scrolls of amnesia
 u - a scroll of fog
 y - 2 scrolls of noise
 B - a scroll of blinking
 I - 6 scrolls of enchant weapon
 L - a scroll of silence {!r}
 M - a scroll of magic mapping
 R - 6 scrolls of identify
 T - 8 scrolls of teleportation
 Z - a scroll of vulnerability
Potions
 b - a potion of ambrosia
 d - a potion of cancellation
 e - 5 potions of invisibility
 g - 3 potions of magic
 v - a potion of might
 A - 4 potions of brilliance
 N - 2 potions of mutation
 O - a potion of attraction
 P - 2 potions of lignification
 Q - 2 potions of curing
 S - a potion of enlightenment
 U - a potion of resistance
 W - a potion of heal wounds
 Y - a potion of berserk rage
Miscellaneous
 X - a box of beasts


   Skills:
 - Level 8.6 Fighting
 - Level 5.0 Throwing
 - Level 6.4 Armour
 - Level 7.1 Dodging
 - Level 17.8 Unarmed Combat
 + Level 10.5 Earth Magic
 - Level 10.5 Invocations


You had 8 spell levels left.
You knew the following spells:

 Your Spells              Type           Power      Damage    Failure   Level
a - Statue Form           Tmut/Erth      6%         N/A       100%        6

Your spell library contained the following spells:

 Spells                   Type           Power      Damage    Failure   Level
 Kiss of Death            Conj/Necr      0%         2d5       38%         1
 Sting                    Tmut/Pois      0%         1d3       38%         1
 Summon Small Mammal      Summ           0%         N/A       38%         1
 Lesser Beckoning         Tloc           0%         N/A       54%         2
 Poisonous Vapours        Pois/Air       0%         N/A       54%         2
 Call Canine Familiar     Summ           0%         N/A       77%         3
 Confusing Touch          Hex            0%         N/A       77%         3
 Inner Flame              Hex/Fire       0%         N/A       77%         3
 Mephitic Cloud           Conj/Pois/Air  0%         N/A       77%         3
 Summon Guardian Golem    Hex/Summ       0%         N/A       77%         3
 Airstrike                Air            0%         2d(0-16)  99%         4
 Anguish                  Hex/Necr       0%         N/A       99%         4
 Dispel Undead            Necr           0%         3d6       99%         4
 Flame Wave               Conj/Fire      0%         2d4       99%         4
 Olgreb's Toxic Radiance  Pois           0%         N/A       99%         4
 Passage of Golubria      Tloc           0%         N/A       99%         4
 Sticky Flame             Conj/Fire      0%         2d3       99%         4
 Arcjolt                  Conj/Air       0%         1d10      100%        5
 Freezing Cloud           Conj/Ice/Air   0%         6-21      100%        5
 Summon Forest            Summ/Tloc      0%         N/A       100%        5
 Summon Mana Viper        Hex/Summ       0%         N/A       100%        5
 Summon Cactus Giant      Summ           0%         N/A       100%        6


Dungeon Overview and Level Annotations

Branches:
Dungeon (14/15)            Temple (0/1) D:5            Lair (5/5) D:9
  Swamp (0/4) Lair:3       Spider (0/4) Lair:3        Slime (0/5) Lair:5
    Orc (0/2) D:9          Vaults (0/5) D:13         Bailey (visited)

Altars:
Ashenzari
Cheibriados
Dithmenos
Fedhas
Hepliaklqana
Kikubaaqudgha
Nemelex Xobeh
Okawaru
Qazlal
Ru
Sif Muna
Trog
Uskayaw
Vehumet
Wu Jian
Xom
The Shining One
Jiyva

Shops:
D:4 (

Portals:
Trove: D:13 (give +6 demon blade)

Annotations:
Lair:4 3 runed translucent doors, Darkkill's ghost, journeyman MiHu


Innate Abilities, Weirdness & Mutations

You are too large for most types of armour.
You have claws for hands.
Your natural rate of healing is unusually fast.
You are covered in fur. (AC +1)
You have tough skin. (AC +1)


Message History

You open the door.
Found a radiant altar of Vehumet.
Unknown command.
There is an open door here.
P - 2 potions of lignification (gained 1)
You open the door.
There is an open door here.
A white ugly thing comes into view.
The white ugly thing gurgles horribly!
The white ugly thing moves out of view.
A white ugly thing comes into view.
A white ugly thing is nearby!
Unknown command.
A white ugly thing comes into view.
The white ugly thing gurgles horribly!
The white ugly thing barely misses you.
A white ugly thing opens the door.
Found a book of the Sky.
You scratch the white ugly thing.
The white ugly thing is lightly wounded.
The white ugly thing closely misses you.
The white ugly thing pecks you! The white ugly thing freezes you!!
You mangle the white ugly thing!!
The white ugly thing is heavily wounded.
The white ugly thing bites you. The white ugly thing freezes you!!
The white ugly thing closely misses you.
You are too injured to fight recklessly!
You are too injured to fight recklessly!
You are too injured to fight recklessly!
Unknown command.
You barely miss the white ugly thing.
The white ugly thing is heavily wounded.
The white ugly thing barely misses you.
You mangle the white ugly thing!!
The white ugly thing is severely wounded.
The white ugly thing basks in the mutagenic energy from its kin and changes!
The white ugly thing claws you. The white ugly thing freezes you!!
The white ugly thing pecks you. The white ugly thing freezes you!!
* * * LOW HITPOINT WARNING * * *
You can now pass through a line of other dancers.
Unknown command.
You mangle the white ugly thing!!
The white ugly thing is almost dead.
Unknown command.
Unknown command.
You eviscerate the white ugly thing!!!
You kill the white ugly thing!
The white ugly thing pecks you!
* * * LOW HITPOINT WARNING * * *
The white ugly thing freezes you!!
You die...

..............
#.....
..............
#.....
.............. .....
.............. #...#
#####.........
#...#.....#.........
#...#.....#....#####
#..uu:....#....#
#.†@# #....# #...+
#....## #...#
#.....# #>..#
#.....# #...#
#.....#
#...#######.....#
#...............#
#...............####
#...................


You could see 2 ugly things.

Vanquished Creatures
  Rupert (D:12)
  Frances (D:12)
  An orc warlord (Bailey)
  Nessos (Lair:3)
  Azrael (D:12)
  Josephine (D:12)
  8 hydras
  6 centaur warriors
  6 two-headed ogres
  5 death yaks (Lair:5)
  4 catoblepae
  2 boulder beetles
  A tengu warrior (D:14)
  A fire crab (shapeshifter) (D:13)
  A pharaoh ant (Lair:3)
  Lodul (D:12)
  3 skysharks
  3 skeletal warriors (D:13)
  Pikel (D:4)
  2 wizards (D:13)
  2 deep elf pyromancers
  16 ugly things
  5 manticores
  34 elephants
  3 black mambas
  4 cyclopes
  6 torpor snails (Lair:2)
  7 cane toads
  Joseph (D:8)
  Maggie (D:9)
  A gargoyle (D:10)
  2 kobold demonologists
  2 rime drakes
  Psyche (D:9)
  An efreet (D:14)
  13 komodo dragons
  A freezing wraith (D:14)
  A troll (D:13)
  A tarantella (shapeshifter) (D:13)
  3 polar bears
  2 tyrant leeches (Lair:3)
  8 blink frogs (Lair:1)
  5 dream sheep (Lair:5)
  6 slime creatures (D:14)
  2 jumping spiders (Lair:3)
  9 wraiths
  52 yaks
  2 vampires
  4 shadows
  3 fire elementals (D:12)
  3 wyverns
  A redback (Lair:3)
  A steam dragon (D:5)
  2 wargs (D:9)
  3 swamp worms (Lair:3)
  6 vampire mosquitoes
  11 water moccasins
  2 hell hounds (D:12)
  2 black bears
  An ice beast (D:7)
  2 sky beasts
  8 orc warriors
  11 ogres
  13 centaurs
  3 wolves (Lair:1)
  3 phantoms
  Blork the orc (D:4)
  The ghost of SecretSquirrel the Shooter, an amateur SpHu (D:3)
  13 bullfrogs
  2 scorpions (D:5)
  9 wights
  4 killer bees (D:7)
  2 troll zombies (D:9)
  An electric eel (Lair:5)
  3 howler monkeys
  2 hounds
  5 orc priests
  2 gnoll boudas
  Crazy Yiuf (D:7)
  3 jellies
  An iguana (D:5)
  6 orc wizards
  6 ogre zombies (D:9)
  7 gnolls
  4 adders
  2 white imps (D:8)
  2 ufetubi
  3 dart slugs
  38 orcs
  7 ball pythons
  13 endoplasms
  A giant cockroach (D:2)
  12 goblins
  7 hobgoblins
  2 jackals (D:5)
  2 quokkas
  8 bats
  3 frilled lizards
  A goblin skeleton (D:9)
  2 goblin zombies (D:9)
  A hobgoblin skeleton (D:9)
  3 hobgoblin zombies (D:9)
  21 kobolds
  4 orc skeletons (D:9)
  14 orc zombies (D:9)
  A rat (D:3)
540 creatures vanquished.

Notes
Turn   | Place    | Note
-------+----------+-------------------------------------------
     0 | D:1      | Sobieck the Troll Monk began the quest for the Orb.
     0 | D:1      | Reached XP level 1. HP: 22/22 MP: 0/0
   105 | D:1      | Reached XP level 2. HP: 29/29 MP: 1/1
   274 | D:1      | Reached skill level 4 in Unarmed Combat
   311 | D:1      | Found a faded altar of an unknown god.
   468 | D:1      | Prayed at the altar of an unknown god.
   468 | D:1      | Became a worshipper of Uskayaw the Reveller
   468 | D:1      | Reached * piety under Uskayaw
   468 | D:1      | Reached ** piety under Uskayaw
   585 | D:1      | Reached XP level 3. HP: 36/36 MP: 2/2
   821 | D:2      | Found a blossoming altar of Fedhas.
  1119 | D:3      | Found a runed translucent door.
  1121 | D:3      | Noticed SecretSquirrel's ghost (amateur SpHu)
  1130 | D:3      | Reached *** piety under Uskayaw
  1137 | D:3      | Reached **** piety under Uskayaw
  1140 | D:3      | Reached skill level 5 in Unarmed Combat
  1140 | D:3      | Reached XP level 4. HP: 44/44 MP: 3/3
  1587 | D:3      | Killed SecretSquirrel's ghost
  1588 | D:3      | Reached skill level 6 in Unarmed Combat
  1588 | D:3      | Reached XP level 5. HP: 45/50 MP: 4/4
  1652 | D:4      | Noticed Blork the orc
  1660 | D:4      | Killed Blork the orc
  1722 | D:4      | Found a hazy altar of Hepliaklqana.
  1746 | D:4      | Noticed a phantom
  1760 | D:4      | Killed a phantom
  1761 | D:4      | Reached skill level 7 in Unarmed Combat
  1761 | D:4      | Reached XP level 6. HP: 52/59 MP: 5/5
  1869 | D:4      | Found Epyolot's Weapon Shoppe.
  1928 | D:4      | Noticed Pikel
  1940 | D:4      | Killed Pikel
  1941 | D:4      | Reached skill level 9 in Unarmed Combat
  1941 | D:4      | Reached XP level 7. HP: 41/66 MP: 6/6
  2103 | D:4      | Found a sparkling altar of Nemelex Xobeh.
  2316 | D:5      | Entered Level 5 of the Dungeon
  2358 | D:5      | Reached ***** piety under Uskayaw
  2359 | D:5      | Reached skill level 10 in Unarmed Combat
  2359 | D:5      | Reached XP level 8. HP: 68/74 MP: 7/7
  2461 | D:5      | Found a shadowy altar of Dithmenos.
  2523 | D:5      | Found a staircase to the Ecumenical Temple.
  2766 | D:5      | Reached skill level 11 in Unarmed Combat
  2956 | D:6      | Reached skill level 12 in Unarmed Combat
  2956 | D:6      | Reached XP level 9. HP: 53/80 MP: 8/8
  3050 | D:6      | Found a bloodstained altar of Trog.
  3052 | D:6      | Found an ancient bone altar of Kikubaaqudgha.
  3057 | D:6      | Found a stormy altar of Qazlal.
  3061 | D:6      | Found an ornate altar of the Wu Jian Council.
  3066 | D:6      | Found a blossoming altar of Fedhas.
  3067 | D:6      | Found a shimmering altar of Xom.
  3073 | D:6      | Found a sacrificial altar of Ru.
  3074 | D:6      | Found a shimmering blue altar of Sif Muna.
  3463 | D:7      | Reached skill level 13 in Unarmed Combat
  3673 | D:7      | Found a runed translucent door.
  3674 | D:7      | Noticed Crazy Yiuf
  4009 | D:7      | Noticed a two-headed ogre
  4014 | D:7      | Killed a two-headed ogre
  4015 | D:7      | Reached skill level 14 in Unarmed Combat
  4330 | D:7      | Killed Crazy Yiuf
  4443 | D:8      | Reached XP level 10. HP: 88/88 MP: 9/9
  4518 | D:8      | Noticed Joseph
  4519 | D:8      | Found a broken altar of Ashenzari.
  4528 | D:8      | Killed Joseph
  4550 | D:8      | Reached skill level 15 in Unarmed Combat
  4755 | D:8      | Noticed a cyclops
  4762 | D:8      | Killed a cyclops
  4798 | D:8      | Reached skill level 1 in Throwing
  4798 | D:8      | Reached skill level 1 in Invocations
  4818 | D:7      | Reached skill level 1 in Armour
  5058 | D:9      | Reached skill level 3 in Fighting
  5058 | D:9      | Reached skill level 3 in Dodging
  5146 | D:9      | Noticed Psyche
  5172 | D:9      | Killed Psyche
  5221 | D:9      | Reached ****** piety under Uskayaw
  5254 | D:9      | Found an iron altar of Okawaru.
  5277 | D:9      | Noticed Maggie
  5284 | D:9      | Killed Maggie
  5324 | D:9      | Found a staircase to the Lair.
  5332 | D:9      | Found a flagged portal.
  5349 | Bailey   | Entered a bailey
  5354 | Bailey   | Noticed an orc warlord
  5429 | Bailey   | Found a runed translucent gate.
  5429 | Bailey   | Found a runed translucent gate.
  5429 | Bailey   | Found a runed translucent gate.
  5599 | Bailey   | Killed an orc warlord
  5600 | Bailey   | Reached skill level 3 in Throwing
  5600 | Bailey   | Reached XP level 11. HP: 22/98 MP: 10/12
  5614 | Bailey   | Identified the ring of Springtime {rElec Will+ Dex+2}
  5625 | Bailey   | Reached XP level 12. HP: 76/107 MP: 12/17
  5626 | Bailey   | Identified the +3 hand axe of Peoliu {heavy, Dex+5}
  5775 | D:9      | Found a staircase to the Orcish Mines.
  6132 | D:10     | Entered Level 10 of the Dungeon
  6139 | D:10     | Reached skill level 3 in Armour
  6567 | D:10     | Reached skill level 9 in Invocations
  7427 | D:11     | Noticed a two-headed ogre
  7434 | D:11     | Killed a two-headed ogre
  7495 | Lair:1   | Entered Level 1 of the Lair of Beasts
  7497 | Lair:1   | You fall into a shaft and drop 1 floor!
  7872 | Lair:1   | Reached skill level 16 in Unarmed Combat
  8498 | Lair:2   | Reached skill level 6 in Fighting
  8498 | Lair:2   | Reached XP level 13. HP: 108/120 MP: 18/18
  8790 | Lair:2   | Identified the +0 robe of Towkio {Str-5 Int+7 Slay+4}
  8827 | Lair:2   | Found a snail-covered altar of Cheibriados.
  9654 | Lair:3   | Found a hole to the Spider Nest.
  9658 | Lair:3   | Reached skill level 17 in Unarmed Combat
  9920 | Lair:3   | Noticed Nessos
  9949 | Lair:3   | Killed Nessos
 10167 | Lair:3   | Found a staircase to the Swamp.
 10532 | Lair:4   | Found a runed translucent gate.
 10532 | Lair:4   | Found a runed translucent gate.
 10532 | Lair:4   | Found a runed translucent gate.
 10532 | Lair:4   | Noticed a quicksilver ooze
 10532 | Lair:4   | Noticed an acid blob
 10532 | Lair:4   | Noticed an acid blob
 10532 | Lair:4   | Noticed an acid blob
 10532 | Lair:4   | Noticed a quicksilver ooze
 10534 | Lair:4   | Found a viscous altar of Jiyva.
 10534 | Lair:4   | Noticed an azure jelly
 10534 | Lair:4   | Noticed Darkkill's ghost (journeyman MiHu)
 10534 | Lair:4   | Noticed an acid blob
 10534 | Lair:4   | Noticed an azure jelly
 10535 | Lair:4   | Noticed an acid blob
 10773 | Lair:4   | Got Cueqyc's Tome of the Vexatious Compass
 11163 | Lair:5   | Entered Level 5 of the Lair of Beasts
 11163 | Lair:5   | Found a viscous altar of Jiyva.
 11163 | Lair:5   | Found a staircase to the Slime Pits.
 11178 | Lair:5   | Reached skill level 6 in Dodging
 11223 | Lair:5   | Reached XP level 14. HP: 116/135 MP: 20/20
 11816 | Lair:5   | Reached skill level 6 in Armour
 12456 | Lair:5   | Identified the +0 pair of boots of the Swamp {rF++ Will+}
 12634 | Lair:5   | Got the Exposition on Voltaic Transmigration
 12646 | Lair:5   | Learned a level 6 spell: Statue Form
 12859 | D:11     | Reached skill level 1 in Earth Magic
 13266 | D:11     | Reached skill level 3 in Earth Magic
 13618 | D:12     | Noticed Rupert
 13618 | D:12     | Noticed Frances
 13637 | D:12     | Killed Rupert
 13650 | D:12     | Killed Frances
 13679 | D:12     | Noticed Lodul
 13691 | D:12     | Killed Lodul
 13780 | D:12     | Reached XP level 15. HP: 145/145 MP: 21/21
 13780 | D:12     | Noticed Josephine
 13785 | D:12     | Killed Josephine
 13787 | D:12     | Reached skill level 6 in Earth Magic
 13897 | D:12     | Identified the +7 long sword "Dragonslayer" {antimagic,
                  | rElec rC+}
 14267 | D:12     | Found a glowing golden altar of the Shining One.
 14352 | D:12     | Noticed Azrael
 14359 | D:12     | Killed Azrael
 14549 | D:13     | Found a portal to a secret trove of treasure.
 14603 | D:13     | Found a gate to the Vaults.
 15208 | D:14     | Reached skill level 9 in Earth Magic
 15765 | D:14     | Found a radiant altar of Vehumet.
 15838 | D:14     | Mangled by a white ugly thing

Illustrated notes

Levels and vault maps discovered:
D:1:      minmay_arrival_radiant_lines, layout_loops_cross,
          hellmonk_ecumenical_altar_lost_god
D:2:      layout_rooms, basic_altar, minmay_misc_feat_pillars
D:3:      layout_rooms, nicolae_overflow_hidden_temple,
          hellmonk_ghost_happy_afterlife, serial_bayou_pond_d,
          guppyfry_early_lair_pool
D:4:      layout_loops_ring, mainiacjoe_overflow_tiny_flanked,
          nemelex_spade_bored_becter, serial_shops,
          nicolae_shop_pleasant_corner_grove, corexii_corridor_pit, uniq_pikel,
          uniq_blork_the_orc
D:5:      layout_rooms, grunt_dithmenos_smoke, minmay_temple_entry_sparse_star,
          grunt_ministairs_14, amcnicky_mini_pool_medium
D:6:      layout_basic, nicolae_overflow_hallway_of_the_gods
D:7:      layout_loops_corners, nicolae_kite_square_tiling_tiny,
          uniq_crazy_yiuf_cottage
D:8:      minmay_s_stair_smasher, layout_basic, mainiacjoe_overflow_boulevard,
          grunt_tough_drop, uniq_joseph
D:9:      layout_roguey, mainiacjoe_overflow_chevrons,
          erik_lair_orcish_takeover, zombieorc2_lemuel, enter_bailey_5,
          uniq_psyche, uniq_maggie
D:10:     layout_layer_cave, nicolae_concentric_dashed_squares_mild
D:11:     layout_gridville
D:12:     layout_loops_ring, kennysheep_another_room, tso_altar, uniq_azrael,
          uniq_josephine, uniq_frances, uniq_lodul, uniq_rupert
D:13:     layout_irregular_city, david_vaults_1, nicolae_trove_entry_isolated
D:14:     layout_irregular_city, minmay_misc_feat_square,
          nicolae_vehumet_altar_sigil
Lair:1:   layout_loops_ring, wad_woods_03, serial_bayou_shore_b
Lair:2:   layout_cave_pods, kennysheep_snail_temple
Lair:3:   layout_cave_shapes, minmay_swamp_entry_worms,
          nicolae_spider_entry_lesser_pyramids, uniq_nessos
Lair:4:   layout_roguey, gammafunk_ghost_ooze
Lair:5:   evilmike_catoblepas_cave, layout_cave_pods, slime_entry_1,
          gammafunk_lair_bear_cave

Skill      XL: |  1  2  3  4  5  6  7  8  9 10 11 12 13 14 15 |
---------------+----------------------------------------------+-----
Unarmed Combat | 4 5 6 7 9 10 12 14 15 16 17 | 17.8
Throwing       | 3 5 |  5.0
Invocations    | 2 8 9 10 | 10.5
Armour         | 2 4 5 6 |  6.4
Fighting       | 3 6 7 8 |  8.6
Dodging        | 3 5 6 7 |  7.1
Earth Magic    | 5 10 | 10.5

Action                     |  1- 3 |  4- 6 |  7- 9 | 10-12 | 13-15 || total
---------------------------+-------+-------+-------+-------+-------++-------
  Melee: Unarmed           |    77 |    65 |   148 |   402 |   727 ||  1419
  Throw: Javelin           |    10 |       |       |       |       ||    10
         Stone             |     9 |       |       |       |       ||     9
         Large rock        |       |       |       |     3 |    20 ||    23
         Boomerang         |       |       |       |    59 |     1 ||    60
 Invoke: Grand Finale      |       |       |       |     1 |     2 ||     3
         Line Pass         |       |       |       |       |     3 ||     3
  Evoke: Wand              |       |       |       |       |     4 ||     4
    Use: Scroll            |       |       |     7 |    11 |    12 ||    30
         Potion            |       |       |       |     2 |     4 ||     6
   Stab: Paralysed         |       |     2 |    10 |    36 |   100 ||   148
         Petrified         |       |       |       |       |     5 ||     5
         Confused          |       |       |       |       |     1 ||     1
 Armour: Robe              |    17 |     9 |    25 |     2 |       ||    53
         Troll leather arm |       |       |       |    59 |   179 ||   238
  Dodge: Dodged            |    36 |    30 |    96 |   218 |   442 ||   822

Table legend: (Time is in decaauts)
 A = Elapsed time spent in this place.
 B = Non-inter-level travel time spent in this place.
 C = Inter-level travel time spent in this place.
 D = Time resting spent in this place.
 E = Time spent auto-exploring this place.
 F = Levels seen in this place.
 G = Mean time per level.
                   A        B        C        D        E       F      G
               +--------+--------+--------+--------+--------+-----+--------+
         Total |  15503 |  14880 |    623 |    658 |  11515 |  20 |  775.2 |
       Dungeon |  10104 |   9692 |    412 |    326 |   7735 |  14 |  721.7 |
          Lair |   5126 |   4915 |    211 |    272 |   3770 |   5 | 1025.2 |
        Bailey |    271 |    271 |      0 |     60 |     10 |   1 |  271.0 |
               +--------+--------+--------+--------+--------+-----+--------+

Top non-repeatable levels by time:
  Lair:5: 1473 daAuts
    D:10: 1220 daAuts
  Lair:2: 1022 daAuts
     D:7: 985 daAuts
  Lair:1: 974 daAuts
     D:9: 933 daAuts
  Lair:3: 898 daAuts
    D:12: 814 daAuts
    D:11: 777 daAuts
  Lair:4: 757 daAuts
    D:13: 733 daAuts
     D:4: 698 daAuts
     D:1: 697 daAuts
     D:8: 654 daAuts
    D:14: 639 daAuts
